 Dungeon Crawl Stone Soup version 0.23.0 (webtiles) character file.

Game seed: 5448623118693063885

2998 MisterOstroum the Basher (level 9, -3/57 HPs)
             Began as a Gargoyle Fighter on Feb 16, 2019.
             Was a Follower of Uskayaw.
             Slain by a howler monkey (5 damage)
             ... on level 8 of the Dungeon.
             The game lasted 01:08:25 (7595 turns).

MisterOstroum the Basher (Gargoyle Fighter)         Turns: 7595, Time: 01:08:26

Health: -3/57      AC: 17    Str: 29    XL:     9   Next: 84%
Magic:  2/2        EV:  9    Int: 14    God:    Uskayaw [*.....]
Gold:   59         SH: 11    Dex: 12    Spells: 8/8 levels left

rFire    . . .     SeeInvis .   y - +2 spear (vamp)
rCold    + . .     Gourm    .   c - +0 shield
rNeg     + . .     Faith    .   G - +4 ring mail {rC+}
rPois    ∞         Spirit   .   (no helmet)
rElec    +         Reflect  .   K - +0 cloak
rCorr    .         Harm     .   (no gloves)
MR       .....                  (no boots)
Stlth    ++........             (no amulet)
HPRegen  0.19/turn              e - ring "Aggac" {MP-9 Str+3 Int+4 Dex+3 Stlth+}
MPRegen  0.08/turn              b - +4 ring of strength

@: no status effects
A: negative energy resistance 1, electricity resistance, unbreathing,
petrification resistance, rot immunity, AC +6
a: Stomp, Renounce Religion


You were on level 8 of the Dungeon.
You worshipped Uskayaw.
Uskayaw was noncommittal.
You were not hungry.

You visited 2 branches of the dungeon, and saw 9 of its levels.

You collected 350 gold pieces.
You spent 291 gold pieces at shops.

Inventory:

Hand Weapons
 a - a +2 flail
 u - a +0 scythe
 y - a +2 vampiric spear (weapon)
 D - a +0 flail of pain
 J - a +2 quarterstaff of chaos
Missiles
 n - 2 needles of sleeping
 q - 8 curare-tipped needles (quivered)
 A - 17 tomahawks
Armour
 c - a +0 shield (worn)
 j - a scarf of cloud immunity
 k - a +0 chain mail
 G - a +4 ring mail of cold resistance (worn)
 K - a +0 cloak (worn)
Jewellery
 b - a +4 ring of strength (right hand)
 e - the ring "Aggac" (left hand) {MP-9 Str+3 Int+4 Dex+3 Stlth+}
   (You found it on level 4 of the Dungeon)

   [ring of intelligence]

   It affects your strength (+3).
   It affects your intelligence (+4).
   It affects your dexterity (+3).
   It affects your magic capacity (-9).
   It makes you more stealthy.
Wands
 v - a wand of iceblast (9)
 E - a wand of paralysis (6)
Scrolls
 d - a scroll of remove curse
 i - a scroll of blinking {unknown}
 l - 2 scrolls of fear
 o - 2 scrolls of magic mapping
 x - a scroll of random uselessness
 z - a scroll of identify
 C - 2 scrolls of amnesia
 I - a scroll of fog {unknown}
 L - a scroll of teleportation {unknown}
Potions
 g - a potion of haste
 m - 4 potions of lignification
 s - 2 potions of mutation {unknown}
 t - 2 potions of berserk rage {unknown}
 w - a potion of curing
 H - a potion of might
 M - a potion of agility
Comestibles
 f - 4 rations


   Skills:
 * Level 7.0 Fighting
 - Level 9.4 Maces & Flails
 * Level 2.0 Polearms
 + Level 5.8 Armour
 + Level 6.5 Shields
 + Level 3.0 Invocations


You had 8 spell levels left.
You didn't know any spells.
Your spell library was empty.

Dungeon Overview and Level Annotations

Branches:
Dungeon (8/15)             Temple (1/1) D:6
   Lair: D:8-11

Altars:
Ashenzari
Cheibriados
Dithmenos
Elyvilon
Fedhas
Gozag
Hepliaklqana
Kikubaaqudgha
Makhleb
Nemelex Xobeh
Okawaru
Qazlal
Ru
Sif Muna
Trog
Uskayaw
Vehumet
Wu Jian
Xom
Yredelemnul
Zin
The Shining One

Shops:
D:4 *


Innate Abilities, Weirdness & Mutations

You are resistant to torment.
Your stone body is resilient. (AC +6)
You are immune to poison.
You resist negative energy. (rN+)
You are resistant to electric shocks. (rElec)
You can survive without breathing.
You are immune to petrification.
You are immune to rotting.


Message History

As you read the scroll of fear, it crumbles to dust.
You assume a fearsome visage.
The adder looks frightened!
The two-headed ogre looks frightened!
The killer bee looks frightened!
The jackal looks frightened!
The adder looks frightened!
The howler monkey looks frightened!
The two-headed ogre pleads, "Please!
I have a lot of children!"
You climb downwards.
The killer bee stings you but does no damage.
You block the killer bee's attack. The killer bee barely misses you.
The killer bee stings you but does no damage.
The orc priest invokes the aid of Beogh against you.
Beogh smites you!
* * * LOW HITPOINT WARNING * * *
The killer bee misses you.
The killer bee stings you but does no damage.
There is a stone staircase leading up here.
The killer bee barely misses you. You block the killer bee's attack.
The killer bee stings you but does no damage.
The howler monkey hits you.
You die...

#...# ##...###
#......#
######......#
#...##......#
####...#h......#
.....o.S.##..###
#####h..o###..#
#..y@yh.## #..#
#...###yh%# ##o#
#. ###...# #.#
..#.# #<# #.#.#
#.# #.# # #.#
#.# #..# #..
#..# #..#


You could see a howler monkey, a hound, 3 killer bees, 2 orc priests, an adder
and 2 jackals.

Vanquished Creatures
  Sigmund (D:2)
  Menkaure (D:7)
  An orc warrior (D:7)
  2 ice beasts
  3 phantoms
  A black bear (D:7)
  3 sky beasts
  3 ogres
  2 centaurs
  A big kobold (D:3)
  A bullfrog (D:6)
  A gnoll sergeant (D:7)
  A scorpion (D:7)
  4 killer bees (D:7)
  A bullfrog zombie (D:6)
  4 crimson imps
  A centaur zombie (D:6)
  2 hounds
  A jelly (D:5)
  A centaur skeleton (D:7)
  4 orc priests
  Crazy Yiuf (D:6)
  Ijyb (D:3)
  7 orc wizards
  3 worker ants (D:4)
  A hound zombie (D:7)
  A worker ant zombie (D:7)
  3 gnolls (D:7)
  5 adders
  3 shadow imps
  3 adder skeletons
  7 worms
  5 dart slugs
  3 leopard geckos
  18 orcs
  2 ball pythons
  4 giant cockroaches
  A goblin (D:1)
  2 hobgoblins
  19 jackals
  7 kobolds
  4 quokkas
  3 bats
  4 frilled lizards
  A leopard gecko zombie (D:4)
  6 rats
153 creatures vanquished.

Vanquished Creatures (others)
  A bat (D:1)
1 creature vanquished.

Grand Total: 154 creatures vanquished

Notes
Turn   | Place    | Note
-------+----------+-------------------------------------------
     0 | D:1      | MisterOstroum the Gargoyle Fighter began the quest for the
                  | Orb.
     0 | D:1      | Reached XP level 1. HP: 14/14 MP: 1/1
   328 | D:2      | Reached XP level 2. HP: 19/19 MP: 2/2
   348 | D:2      | Reached XP level 3. HP: 15/24 MP: 3/3
   789 | D:2      | Noticed Sigmund
   804 | D:2      | Killed Sigmund
   804 | D:2      | Reached skill level 4 in Maces & Flails
   804 | D:2      | Reached XP level 4. HP: 29/29 MP: 4/4
   804 | D:2      | Reached XP level 5. HP: 33/33 MP: 5/5
  1262 | D:3      | Noticed Ijyb
  1280 | D:3      | Killed Ijyb
  1280 | D:3      | Reached XP level 6. HP: 38/39 MP: 6/6
  1397 | D:3      | Found a faded altar of an unknown god.
  1405 | D:3      | Became a worshipper of Uskayaw the Reveler
  1405 | D:3      | Reached * piety under Uskayaw
  1518 | D:3      | Found a hazy altar of Hepliaklqana.
  2002 | D:3      | Reached skill level 5 in Maces & Flails
  2406 | D:4      | Got a fine wooden ring
  2463 | D:4      | Reached XP level 7. HP: 16/44 MP: 3/7
  2768 | D:4      | You fall through a shaft for 3 floors!
  2768 | D:7      | Noticed Menkaure
  2772 | D:7      | Reached ** piety under Uskayaw
  2775 | D:7      | Killed Menkaure
  2775 | D:7      | Reached skill level 5 in Fighting
  2775 | D:7      | Reached skill level 6 in Maces & Flails
  3203 | D:7      | Reached skill level 5 in Shields
  3203 | D:7      | Reached XP level 8. HP: 47/50 MP: 2/8
  3222 | D:7      | Reached skill level 7 in Maces & Flails
  3268 | D:7      | Reached *** piety under Uskayaw
  3449 | D:7      | Reached skill level 8 in Maces & Flails
  3453 | D:7      | Reached skill level 5 in Armour
  3460 | D:7      | Reached skill level 1 in Invocations
  3550 | D:7      | HP: 2/51 [orc warrior/+0 mace (5)]
  4038 | D:7      | Reached XP level 9. HP: 53/55 MP: 10/10
  4276 | D:6      | Identified the ring "Aggac" {MP-9 Str+3 Int+4 Dex+3 Stlth+}
                  | (You found it on level 4 of the Dungeon)
  4664 | D:6      | Reached skill level 9 in Maces & Flails
  4748 | D:6      | Found a staircase to the Ecumenical Temple.
  4765 | Temple   | Entered the Ecumenical Temple
  5231 | D:6      | Found a runed translucent door.
  5232 | D:6      | Noticed Crazy Yiuf
  5236 | D:6      | Killed Crazy Yiuf
  5300 | D:6      | Found a sacrificial altar of Ru.
  5300 | D:6      | Found a blossoming altar of Fedhas.
  5302 | D:6      | Found a deep blue altar of Sif Muna.
  5310 | D:6      | Found a bloodstained altar of Trog.
  5350 | D:5      | Entered Level 5 of the Dungeon
  5591 | D:5      | Found a shadowy altar of Dithmenos.
  5869 | D:4      | Found Ros Nahe's Assorted Antiques.
  6075 | D:4      | Bought a scroll labeled AKUFFO YGEKAO for 21 gold pieces
  6075 | D:4      | Bought a white potion for 18 gold pieces
  6075 | D:4      | Bought a scroll of identify for 42 gold pieces
  6075 | D:4      | Bought 2 scrolls labeled IGIODU CANING for 42 gold pieces
  6075 | D:4      | Bought a scroll labeled ZIHYGAK SUINEA for 21 gold pieces
  6075 | D:4      | Bought a scroll of identify for 42 gold pieces
  6736 | D:4      | Bought a large jade ring for 105 gold pieces
  6836 | D:5      | Reached skill level 1 in Polearms
  7257 | D:7      | Found a shimmering altar of Xom.
  7309 | D:8      | Noticed a two-headed ogre
  7594 | D:8      | HP: 2/57 [orc priest/divine providence (12)]
  7595 | D:8      | Slain by a howler monkey

Skill      XL: |  1  2  3  4  5  6  7  8  9 |
---------------+----------------------------+-----
Fighting       | 4 5 6 7 |  7.0
Maces & Flails | 4 5 6 8 9 |  9.4
Shields        | 4 5 6 |  6.5
Armour         | 4 5 |  5.8
Invocations    | 1 3 |  3.0
Polearms       | 2 |  2.0

Action                   |  1- 3 |  4- 6 |  7- 9 || total
-------------------------+-------+-------+-------++-------
Melee: Flail             |    96 |   122 |   383 ||   601
       Scythe            |       |    10 |       ||    10
       Spear             |       |       |    82 ||    82
Invok: Stomp             |       |     9 |    20 ||    29
       Line Pass         |       |       |     3 ||     3
  Use: Potion            |     3 |       |     6 ||     9
       Scroll            |       |     4 |    15 ||    19
 Stab: Paralysed         |       |       |     2 ||     2
       Sleeping          |       |       |     3 ||     3
  Eat: Chunk             |       |     6 |    13 ||    19
       Ration            |       |       |     4 ||     4
Armor: Scale mail        |    11 |       |       ||    11
       Chain mail        |    39 |   105 |   225 ||   369
       Skin              |       |       |     8 ||     8
       Ring mail         |       |       |    70 ||    70
Dodge: Dodged            |    14 |    37 |   112 ||   163
Block: Shield            |    41 |    83 |   287 ||   411
